Map: Dreamcatcher LE

Players

soul - Winner!

  • Race: Terran Terran
  • Spawn Location: 11:00

Elazer

  • Race: Zerg Zerg
  • Spawn Location: 5:00

Event: WCS Austin 2018

VOD

Have the link to the VOD?

Description

Time

  • Played on: June 1, 2018, 3:05 p.m.
  • Length: 19:04

All games in this series

Show
View Real Time Build Order
Export as new Build Order

soul Terran - Winner!

Build Orders: Reaper Expand, Bio Tank 

Get SALT Encoding   

  12  0:00  SCV  
  13  0:13  SCV  
  14  0:17  Supply Depot  
  14  0:25  SCV  
  15  0:38  SCV  
  15  0:40  Barracks  
  16  0:44  Refinery  
  16  0:50  SCV  
  17  1:02  SCV  
  18  1:15  SCV  
  19  1:27  Reaper  
  19  1:28  Orbital Command  
  20  1:41  Command Center  
  20  1:49  Supply Depot  
  20  1:53  SCV  
  21  1:59  Marine  
  22  2:05  SCV  
  23  2:08  Factory  
  23  2:18  SCV  
  23  2:21  Barracks Reactor  
  24  2:30  SCV  
  25  2:39  Command Center  
  25  2:42  SCV  
  26  2:54  Orbital Command  
  26  2:56  SCV  
  27  3:00  Starport  
  27  3:05  Refinery  
  27  3:08  SCV  
  28  3:14  Hellion  
  28  3:16  Hellion  
  28  3:18  Barracks Tech Lab  
  32  3:21  SCV  
  32  3:24  SCV  
  34  3:33  SCV  
  35  3:36  SCV  
  36  3:44  Viking  
  36  3:45  SCV, Hellion x2  
  43  3:52  Orbital Command  
  43  3:54  SCV  
  44  3:57  SCV  
  44  4:00  Barracks Tech Lab  
  45  4:06  SCV  
  45  4:09  SCV  
  47  4:12  Barracks  
  47  4:16  Factory Reactor, Banshee, Barracks  
  50  4:19  SCV  
  50  4:20  SCV  
  50  4:21  SCV  
  53  4:24  Marine  
  53  4:27  Stimpack  
  53  4:31  SCV  
  55  4:32  SCV  
  55  4:34  SCV  
  55  4:35  Supply Depot  
  57  4:42  Marine  
  57  4:43  SCV  
  57  4:44  SCV  
  60  4:46  Engineering Bay, SCV  
  60  4:48  Engineering Bay  
  60  4:51  Engineering Bay  
  60  4:52  Supply Depot  
  61  4:56  SCV x2  
  63  5:00  Marine  
  63  5:02  SCV  
  63  5:07  Starport Reactor, Refinery, Engineering Bay  
  63  5:08  Supply Depot, SCV  
  63  5:10  Marine x2  
  63  5:13  SCV, Marine x2  
  69  5:17  Marine  
  69  5:18  Terran Infantry Weapons Level 1, Terran Infantry Armor Level 1  
  69  5:19  Refinery  
  69  5:20  SCV  
  71  5:25  SCV  
  71  5:27  Orbital Command, Marine  
  71  5:28  Marine  
  74  5:36  Marine  
  74  5:37  Marine  
  74  5:38  SCV  
  74  5:40  SCV, Marine  
  79  5:45  Supply Depot x2  
  79  5:46  Siege Tank, Marine  
  79  5:48  Medivac  
  85  6:00  Barracks  
  85  6:02  Supply Depot, Barracks  
  85  6:07  SCV x3, Marine x2, Medivac  
  85  6:09  Marine x2  
  94  6:11  Marine  
  94  6:13  Missile Turret  
  95  6:18  Medivac  
  95  6:19  SCV x3  
  95  6:24  Marine  
  95  6:25  Marine  
  102  6:26  Marine x2  
  102  6:28  Supply Depot x2  
  102  6:31  SCV x3  
  105  6:42  Marine x2  
  105  6:43  Combat Shield, SCV x2  
  109  6:50  Siege Tank, Barracks Reactor, SCV, Marine x3  
  109  6:51  Barracks Reactor  
  109  6:52  Supply Depot  
  109  6:54  Refinery x2, Supply Depot, Factory  
  116  6:55  SCV  
  116  7:00  Marine x2  
  119  7:07  Armory, SCV, Marine x3  
  123  7:18  Marine x2  
  123  7:21  Command Center  
  123  7:22  SCV  
  125  7:23  Medivac  
  125  7:25  Marine x3  
  125  7:28  SCV  
  125  7:29  Marine  
  132  7:33  Medivac  
  132  7:36  Marine x2  
  137  7:37  SCV  
  137  7:38  SCV  
  137  7:39  Supply Depot  
  137  7:40  Marine, Factory Tech Lab  
  137  7:41  Marine, Factory Tech Lab  
  137  7:43  Marine  
  141  7:52  Marine  
  141  7:53  Marine x2  
  141  7:54  Marine  
  141  7:55  Marine x2, Medivac  
  141  7:58  Marine  
  135  7:59  Terran Infantry Weapons Level 2, Marine  
  135  8:01  Barracks x2, Marine  
  135  8:02  Terran Infantry Armor Level 2  
  135  8:03  Barracks  
  137  8:09  Marine  
  137  8:11  Marine x2  
  137  8:12  Marine x3  
  137  8:15  Marine  
  137  8:17  Marine  
  137  8:18  Siege Tank  
  137  8:19  Marine  
  144  8:20  Sensor Tower  
  144  8:21  Siege Tank  
  147  8:27  Marine  
  147  8:29  Marine  
  147  8:32  Marine  
  149  8:40  Supply Depot x2, Terran Vehicle Weapons Level 1  
  149  8:41  Supply Depot  
  148  8:43  Marauder  
  148  8:44  Medivac x2  
  153  8:50  Siege Tank  
  151  8:58  Liberator, Marine  
  151  8:59  Planetary Fortress  
  151  9:00  Siege Tank, Marine  
  151  9:01  Barracks Tech Lab x2, Marine  
  151  9:02  SCV  
  147  9:04  Marauder  
  147  9:06  Supply Depot  
  147  9:08  SCV  
  148  9:16  Marine  
  152  9:19  Marine  
  152  9:20  Marauder  
  155  9:26  Marauder, Marine, Concussive Shells  
  155  9:27  Marauder, Siege Tank  
  155  9:30  Barracks Tech Lab  
  163  9:34  SCV x3  
  161  9:41  Marauder  
  161  9:43  Unknown x4  
  161  9:44  Marine x3  
  161  9:45  Marine  
  166  9:46  SCV x3  
  166  9:47  Marauder  
  172  9:53  Supply Depot  
  172  10:05  Supply Depot  
  172  10:14  SCV x2, Marine x2  
  172  10:15  Marauder x2  
  172  10:21  SCV  
  180  10:22  Marine  
  180  10:23  Siege Tank, Marine  
  180  10:24  Marauder x2, Siege Tank  
  180  10:25  Medivac  
  180  10:26  Marine x2, Medivac  
  180  10:27  SCV  
  184  10:31  Marine  
  184  10:32  Bunker  
  184  10:34  Marine  
  184  10:35  Marine  
  187  10:38  Marine  
  188  10:42  Marine  
  188  10:43  Marauder  
  188  10:47  Marauder  
  188  10:49  Marauder  
  187  10:50  Terran Infantry Weapons Level 3  
  187  10:53  Marauder, Marine  
  187  10:55  Marine  
  188  11:02  Marine  
  188  11:05  Marine  
  188  11:07  Marine  
  188  11:13  Terran Infantry Armor Level 3, Marine x2  
  188  11:17  Command Center  
  188  11:25  Marine  
  188  11:26  Marauder  
  188  11:30  Marine x3  
  188  11:44  Marine x2  
  188  11:45  Marauder, Medivac  
  188  11:46  Medivac  
  188  11:47  Marauder, Siege Tank, Marine x3  
  188  11:48  Marauder  
  188  11:57  Marine x3  
  188  11:58  Siege Tank  
  187  12:01  Marauder, Fusion Core  
  187  12:02  Starport x2, Marine  
  187  12:04  Marine  
  187  12:05  Marine  
  187  12:07  Marauder  
  186  12:08  Marauder  
  186  12:10  Marauder  
  188  12:17  Marine  
  188  12:29  Siege Tank, Supply Depot, Marine x5, Medivac  
  195  12:30  Marauder  
  195  12:31  Marine x2  
  195  12:32  Marauder  
  195  12:34  Marauder x2  
  195  12:35  Marine  
  195  12:36  Siege Tank  
  180  12:45  Liberator  
  180  12:46  Marine x4  
  180  12:47  Ghost Academy, Marine  
  180  12:48  Starport Tech Lab, Marine  
  180  12:49  Starport Reactor, Marine  
  189  12:51  Marauder  
  189  12:53  Marauder, Marine  
  189  12:56  Marauder  
  194  13:01  Marauder  
  195  13:20  Liberator x3  
  195  13:26  Liberator  
  195  13:28  Liberator  
  195  13:30  Siege Tank  
  195  13:32  Supply Depot  
  195  13:43  Marauder, Marine  
  179  13:52  Marauder, Marine  
  151  13:56  Marine  
  151  13:57  Marauder, Marine  
  151  13:58  Marauder, SCV, Marine  
  151  14:02  Marine  
  130  14:03  Liberator x2  
  130  14:05  Marauder  
  130  14:06  Marine  
  130  14:07  Marine  
  130  14:08  Marine  
  136  14:13  Planetary Fortress  
  136  14:14  Marauder, Marine  
  137  14:18  Marauder  
  137  14:19  Marauder  
  137  14:21  Marine  
  148  14:26  Marauder  
  150  14:32  Medivac  
  150  14:34  Medivac  
  150  14:35  Marauder  
  150  14:38  Marine  
  157  14:40  Marauder, Sensor Tower  
  157  14:41  Marine  
  157  14:42  Marauder, Marine x3  
  157  14:45  Siege Tank  
  161  14:46  Unknown x2, Marine  
  161  14:47  Marauder, Marine  
  161  14:48  Command Center  
  161  14:49  Marine  
  154  14:55  Unknown, Marine  
  154  14:56  Marauder  
  154  14:59  Marine x2  
  155  15:01  Marauder, Marine  
  155  15:03  Marauder  
  155  15:06  Marine  
  162  15:07  Bunker  
  162  15:09  Marauder, Marine  
  162  15:12  Medivac  
  167  15:16  Marine  
  167  15:18  Marauder  
  160  15:21  Advanced Ballistics  
  160  15:22  Marauder  
  160  15:24  Refinery, Marine x6  
  160  15:25  Marauder, Refinery  
  160  15:27  Marine  
  164  15:29  SCV x3  
  164  15:30  Marauder  
  164  15:34  Marine  
  158  15:41  SCV, Medivac  
  164  15:46  Bunker  
  164  15:48  Medivac  
  170  15:56  Ghost, Medivac  
  167  16:06  Marine  
  167  16:07  Marauder, Marine  
  167  16:08  Marauder  
  173  16:15  Medivac  
  173  16:16  Marauder, Marine  
  177  16:24  Marine  
  180  16:26  Marauder, Marine, Command Center  
  180  16:28  Marauder  
  180  16:29  Liberator x2  
  180  16:31  Marine, Medivac  
  170  16:53  Marine  
  173  16:54  Marauder  
  173  17:02  Ghost  
  173  17:05  Ghost  
  165  17:18  Ghost  
  165  17:19  Marine  
  165  17:20  Marine x7  
  165  17:21  Marauder  
  165  17:22  Liberator  
  171  17:31  Marine  
  171  17:33  Marine  
  171  17:37  Marine  
  173  17:38  Marine x7  
  173  17:42  Marauder  
  183  17:48  Marauder  
  183  17:49  Marauder  
  187  17:51  Marine  
  187  17:54  Unknown x4, Marine  
  187  17:58  Marine, Medivac  
  182  18:03  Marauder  
  185  18:09  Marauder  
  185  18:10  Marauder  
  185  18:11  Marauder  
  190  18:14  SCV x2  
  190  18:18  SCV  
  190  18:19  Marine  
  193  18:25  Marauder  
  196  18:30  Ghost x2  
  199  18:40  Marine  
  178  18:43  Marine  
  183  18:48  Sensor Tower  
Show
View Real Time Build Order
Export as new Build Order

Elazer Zerg 

Build Orders: Hatch First 

Get SALT Encoding   

  12  0:00  Drone  
  13  0:12  Overlord  
  13  0:16  Drone  
  14  0:30  Drone x2  
  16  0:49  Hatchery  
  15  0:51  Drone  
  15  0:54  Drone  
  17  0:58  Drone  
  18  1:08  Extractor  
  17  1:13  Spawning Pool  
  17  1:16  Drone  
  17  1:20  Drone  
  18  1:27  Drone  
  19  1:38  Drone  
  20  1:49  Drone  
  21  2:00  Queen x2  
  25  2:01  Zergling x4  
  27  2:14  Hatchery  
  26  2:18  Overlord  
  26  2:24  Drone x2  
  28  2:31  Metabolic Boost  
  28  2:37  Drone x3  
  31  2:45  Queen  
  31  2:50  Overlord  
  33  2:54  Drone  
  33  2:56  Drone  
  35  2:58  Drone  
  36  3:14  Drone  
  36  3:15  Drone x2  
  36  3:16  Drone x2  
  36  3:17  Overlord  
  41  3:22  Queen  
  41  3:25  Drone  
  44  3:27  Queen  
  44  3:32  Drone x2  
  48  3:34  Drone  
  48  3:39  Overlord  
  48  3:40  Drone  
  50  3:45  Zergling x8  
  54  3:49  Overlord  
  54  3:52  Drone  
  54  3:53  Drone x2  
  54  3:54  Drone  
  58  3:58  Drone x2  
  58  4:00  Drone  
  61  4:03  Queen  
  61  4:09  Drone  
  64  4:10  Drone  
  64  4:11  Drone  
  64  4:16  Overlord  
  66  4:25  Spore Crawler  
  66  4:27  Drone  
  66  4:32  Drone, Roach Warren  
  66  4:35  Overlord  
  66  4:36  Spore Crawler  
  66  4:38  Spore Crawler, Drone  
  65  4:39  Drone x6  
  65  4:41  Drone  
  65  4:42  Drone x2  
  74  4:48  Lair  
  74  4:49  Overlord  
  74  4:53  Extractor x2  
  74  4:54  Drone x6  
  78  5:02  Overlord x2  
  78  5:06  Extractor  
  77  5:08  Overlord  
  77  5:11  Evolution Chamber  
  77  5:12  Roach, Evolution Chamber  
  77  5:13  Roach x2  
  81  5:14  Drone  
  81  5:20  Drone x2  
  84  5:21  Drone  
  84  5:22  Drone x2  
  84  5:23  Extractor  
  84  5:24  Drone  
  84  5:28  Overlord  
  87  5:30  Hatchery  
  87  5:33  Overlord  
  87  5:35  Drone  
  87  5:41  Overlord  
  87  5:42  Zerg Ground Armor Level 1, Zerg Melee Weapons Level 1  
  87  5:45  Baneling Nest, Overseer  
  87  5:47  Drone x3  
  87  5:49  Drone  
  89  5:52  Drone  
  89  5:53  Overlord  
  90  5:59  Drone  
  90  6:02  Ravager  
  91  6:04  Zergling x2  
  91  6:05  Zergling x14  
  91  6:07  Drone  
  100  6:16  Overlord, Hatchery  
  100  6:17  Overlord  
  99  6:19  Zergling x6  
  99  6:20  Ravager  
  99  6:21  Ravager  
  104  6:28  Overlord  
  104  6:32  Overlord  
  104  6:34  Zergling x16  
  104  6:35  Centrifical Hooks  
  104  6:39  Overlord  
  112  6:43  Zergling x2  
  113  6:53  Baneling  
  113  6:54  Baneling x4, Zergling x2  
  113  6:55  Zergling x12  
  113  6:57  Overlord  
  120  7:03  Zergling x2  
  120  7:04  Zergling x8  
  126  7:08  Zergling x8  
  126  7:12  Overlord  
  129  7:17  Drone x2  
  129  7:20  Drone x2  
  133  7:26  Overlord  
  133  7:28  Overlord  
  133  7:29  Drone x4  
  137  7:35  Overlord, Zergling x2  
  137  7:36  Zergling x16  
  146  7:39  Zerg Ground Armor Level 2  
  146  7:40  Zerg Missile Weapons Level 1, Hydralisk Den  
  146  7:43  Overlord  
  145  7:47  Overlord  
  145  7:48  Zergling x8  
  145  7:49  Hatchery  
  148  7:55  Overlord  
  148  7:57  Drone x4  
  146  8:02  Overlord  
  146  8:04  Drone x5  
  146  8:05  Drone x2  
  153  8:06  Drone  
  153  8:10  Overlord  
  153  8:11  Drone x4  
  158  8:16  Grooved Spines  
  158  8:18  Extractor x2, Hydralisk x2  
  158  8:19  Infestation Pit  
  157  8:22  Hydralisk x2  
  161  8:28  Hydralisk x3  
  161  8:33  Hydralisk x2  
  169  8:41  Hydralisk x5  
  169  8:45  Zergling x8  
  169  8:55  Zergling x14  
  169  8:56  Zergling x10  
  169  9:02  Zergling x16  
  180  9:08  Zergling x2  
  180  9:09  Zergling x12  
  183  9:15  Baneling x15  
  183  9:17  Hive  
  183  9:21  Zergling x10  
  188  9:24  Burrow  
  188  9:30  Zergling x18  
  196  9:35  Zergling x12  
  195  9:44  Drone x2  
  195  9:45  Drone x5  
  199  9:48  Drone  
  199  9:49  Spore Crawler  
  199  9:52  Overlord  
  199  9:54  Overlord  
  199  9:56  Muscular Augments  
  199  9:58  Overlord  
  199  9:59  Zerg Missile Weapons Level 2, Zerg Melee Weapons Level 2  
  198  10:02  Baneling x15  
  198  10:07  Overlord  
  198  10:13  Overlord  
  198  10:14  Zergling x4  
  167  10:36  Zergling x2  
  167  10:37  Zergling x40  
  186  10:45  Overlord  
  182  10:51  Overlord  
  182  10:52  Viper x3  
  182  10:53  Extractor  
  182  10:54  Adrenal Glands  
  182  10:56  Overlord, Viper  
  192  10:57  Ultralisk Cavern  
  192  11:00  Overlord  
  192  11:01  Drone x4  
  192  11:02  Drone x4  
  196  11:05  Baneling x7  
  196  11:06  Zergling x8  
  198  11:12  Overlord  
  198  11:17  Overlord  
  198  11:18  Zergling x14  
  198  11:26  Drone x2  
  198  11:31  Zergling x2  
  198  11:32  Zergling x10  
  199  11:36  Baneling x11  
  188  11:49  Chitinous Plating  
  188  11:51  Zergling x8, Ultralisk  
  188  11:52  Zergling x16  
  196  11:54  Hatchery  
  196  12:00  Overlord  
  192  12:01  Zergling x16  
  192  12:06  Viper  
  192  12:07  Overlord  
  195  12:09  Overlord  
  195  12:10  Zergling x2  
  195  12:11  Zergling x8  
  200  12:21  Spire  
  174  12:36  Overlord  
  156  12:39  Zergling x44  
  156  12:42  Ultralisk  
  172  12:51  Zerg Ground Armor Level 3  
  172  12:57  Overlord  
  171  13:01  Overlord  
  169  13:09  Ultralisk  
  169  13:10  Zergling x28  
  189  13:18  Baneling x7  
  189  13:19  Baneling  
  188  13:22  Baneling x6  
  188  13:26  Hatchery  
  180  13:38  Zergling x26  
  189  13:43  Unknown  
  189  13:47  Unknown  
  165  13:55  Ultralisk x3  
  164  13:58  Zergling x14  
  145  14:05  Zergling x2  
  145  14:06  Zergling x10  
  145  14:14  Hatchery  
  145  14:15  Drone x3  
  147  14:20  Baneling x4  
  147  14:21  Baneling  
  147  14:22  Baneling x8  
  147  14:29  Baneling x6  
  147  14:30  Baneling  
  147  14:36  Hydralisk x4  
  155  14:45  Drone x4  
  149  14:54  Zergling x2  
  149  14:55  Zergling x24  
  149  14:59  Hydralisk  
  150  15:17  Hydralisk  
  150  15:18  Hatchery, Hydralisk x2  
  155  15:25  Viper x2  
  147  15:36  Baneling  
  145  15:44  Hydralisk  
  145  15:45  Hydralisk x2  
  145  15:47  Baneling x11  
  151  15:52  Ultralisk  
  157  16:06  Hatchery  
  155  16:12  Hatchery  
  155  16:18  Drone x3  
  153  16:19  Drone x3  
  153  16:22  Drone x2  
  153  16:23  Drone  
  148  16:40  Drone x3  
  151  16:52  Zergling x6, Ultralisk  
  159  16:56  Zergling x16  
  167  17:01  Zergling x4  
  167  17:02  Zergling x4  
  164  17:29  Corruptor  
  162  17:30  Corruptor x2  
  162  17:31  Corruptor x2  
  162  17:32  Corruptor x3  
  178  17:39  Corruptor x2  
  178  17:41  Zergling x4  
  184  17:45  Infestor  
  185  17:53  Extractor x2  
  181  18:03  Hatchery  
  180  18:10  Zergling x8, Ultralisk  
  180  18:11  Hatchery  
  190  18:13  Baneling x4  
  189  18:23  Hatchery  
  189  18:26  Zergling x2  
  191  18:27  Zergling x8  
  193  18:39  Zergling x16  
  193  18:40  Zergling x2  
  172  18:44  Zergling x6  
Tags
 
Add a new tag
Caveats
  • Supply blocks, unpowered buildings, or Contaminate may cause inaccurate times.
  • Supply counts are checked every 10 seconds.